 Dungeon Crawl Stone Soup version 0.27.0-1-g7a089689b8 (webtiles) character file.

Game seed: 15513535853094957674

474 Sin92 the Covered (level 6, 0/48 HPs)
             Began as a Demonspawn Fighter on Aug 5, 2021.
             Slain by Duvessa (17 damage)
             ... on level 4 of the Dungeon.
             The game lasted 00:02:43 (3625 turns).

Sin92 the Covered (Demonspawn Fighter)              Turns: 3625, Time: 00:02:44

Health: 0/48       AC:  8    Str: 22    XL:     6   Next: 84%
Magic:  6/6        EV:  8    Int: 10    God:
Gold:   134        SH: 15    Dex: 14    Spells: 5/5 levels left

rFire    . . .     SeeInvis .   a - +3 long sword
rCold    . . .     Faith    .   c - +1 kite shield
rNeg     + . .     Spirit   .   b - +0 scale mail
rPois    .         Reflect  .   (helmet restricted)
rElec    .         Harm     .   (no cloak)
rCorr    .         Rampage  .   g - +0 pair of gloves
Will     .....                  (no boots)
Stlth    ..........             (no amulet)
HPRegen  0.16/turn              o - +6 ring of strength
MPRegen  0.10/turn              f - ring of positive energy

@: lit by a corona, glowing
A: horns 2, condensation shield
a: no special abilities


You were on level 4 of the Dungeon.
You visited 1 branch of the dungeon, and saw 4 of its levels.
You also visited: Sewer.

You collected 134 gold pieces.

Inventory:

Hand Weapons
 a - a +3 long sword (weapon)
Armour
 b - a +0 scale mail (worn)
 c - a +1 kite shield (worn)
 g - a +0 pair of gloves (worn)
Jewellery
 f - a ring of positive energy (right hand)
 o - a +6 ring of strength (left hand)
Wands
 m - a wand of polymorph (2)
Scrolls
 h - a scroll of identify
 i - a scroll of vulnerability
 k - 3 scrolls of fear
Potions
 d - 3 potions of might
 e - 3 potions of heal wounds {unknown}
 j - a potion of cancellation {unknown}
 n - a potion of curing {unknown}


   Skills:
 + Level 4.0 Fighting
 + Level 4.0 Long Blades
 + Level 4.2 Armour
 + Level 1.0 Dodging
 + Level 0.3 Stealth
 + Level 4.1 Shields


You had 5 spell levels left.
You didn't know any spells.
Your spell library contained the following spells:

 Spells                   Type           Power      Damage    Failure   Level
 Conjure Flame            Conj/Fire      0%         6-21      100%        3
 Ignite Poison            Fire/Tmut/Pois 0%         N/A       100%        3
 Sticky Flame             Conj/Fire      0%         2d3       100%        4


Dungeon Overview and Level Annotations

Branches:
Dungeon (4/15)              Sewer (visited)
 Temple: D:4-7

Altars:

Annotations:
D:4 Duvessa


Innate Abilities, Weirdness & Mutations

You have a pair of horns on your head.
A meltable shield of frost defends you. (SH +4)


Message History

You block Duvessa's attack. The hobgoblin hits you. You block Duvessa's attack.
Unknown command.
There are monsters nearby!
There are monsters nearby!
You are too injured to fight recklessly!
Unknown command.
You are too injured to fight recklessly!
Unknown command.
There are monsters nearby!
You are too injured to fight recklessly!
Unknown command.
There are monsters nearby!
You are too injured to fight recklessly!
Unknown command.
There are monsters nearby!
You are too injured to fight recklessly!
Unknown command.
There are monsters nearby!
You are too injured to fight recklessly!
Unknown command.
There are monsters nearby!
You are too injured to fight recklessly!
You closely miss the hobgoblin. Your headbutt misses the hobgoblin.
You block Duvessa's attack.
The hobgoblin hits you but does no damage.
You block Duvessa's attack. The hobgoblin hits you.
Unknown command.
You slash the hobgoblin!
You kill the hobgoblin!
Duvessa closely misses you.
You riposte.
You hit Duvessa but do no damage.
Duvessa is moderately wounded.
You block Duvessa's attack.
Unknown command.
You slash Duvessa! You headbutt Duvessa!
Duvessa is severely wounded.
Duvessa completely misses you. Duvessa hits you with a +0 short sword.
You slash Duvessa! Your headbutt misses Duvessa.
Duvessa is almost dead.
Duvessa hits you with a +0 short sword!
You die...

.....## .#....###
####....### #
###....##
###....###
#........##
#..........###
#......<.##...###
#.........###.@)#
#.........#
###e......
..........#
#......
...........
##...# ........(.
... ....... #.


You could see Duvessa (berserk).

Vanquished Creatures
  3 kobold brigands (Sewer)
  A scorpion (D:3)
  Dowan (D:4)
  A gnoll (D:1)
  8 adders
  A river rat (Sewer)
  2 dart slugs
  6 orcs (D:3)
  6 bats
  7 endoplasms
  A giant cockroach (D:2)
  3 goblins
  7 hobgoblins
  10 jackals
  4 ball pythons
  2 frilled lizards
  7 kobolds
  7 rats
77 creatures vanquished.

Notes
Turn   | Place    | Note
-------+----------+-------------------------------------------
     0 | D:1      | Sin92 the Demonspawn Fighter began the quest for the Orb.
     0 | D:1      | Reached XP level 1. HP: 18/18 MP: 1/1
   340 | D:1      | Gained mutation: A meltable shield of frost defends you.
                  | (SH +4) [demonic ancestry]
   340 | D:1      | Reached XP level 2. HP: 21/24 MP: 2/2
   950 | D:1      | Found a faded altar of an unknown god.
   953 | D:1      | Gained mutation: You have a pair of small horns on your
                  | head. [demonic ancestry]
   953 | D:1      | Reached XP level 3. HP: 23/29 MP: 3/3
  1940 | D:3      | Noticed a scorpion
  1950 | D:3      | Killed a scorpion
  1951 | D:3      | Gained mutation: You have a pair of horns on your head.
                  | [demonic ancestry]
  1951 | D:3      | Reached XP level 4. HP: 29/35 MP: 4/4
  2136 | D:3      | Reached XP level 5. HP: 41/41 MP: 5/5
  2659 | D:4      | Found a glowing drain.
  2664 | Sewer    | Entered a sewer
  2853 | Sewer    | Reached skill level 1 in Dodging
  2853 | Sewer    | Reached XP level 6. HP: 7/48 MP: 6/6
  3610 | D:4      | Noticed Dowan
  3610 | D:4      | Noticed Duvessa
  3617 | D:4      | Killed Dowan
  3625 | D:4      | Slain by Duvessa

Illustrated notes

Levels and vault maps discovered:
D:1:      minmay_arrival_stair_chambers, layout_basic,
          shapermc_ecumenical_altar_pompeii
D:2:      layout_basic
D:3:      layout_rooms, chequers_serial_rivers_micro_b
D:4:      layout_cave_pods, mainiacjoe_overflow_six_doors_small, minitemple,
          portal_sewer_entry_e, uniq_duvessa

Skill      XL: |  1  2  3  4  5  6 |
---------------+-------------------+-----
Long Blades    | 2 3 4 |  4.0
Armour         | 3 4 |  4.2
Shields        | 3 4 |  4.1
Dodging        | 1 |  1.0
Fighting       | 4 |  4.0
Stealth        | |  0.3

Action                   |  1- 3 |  4- 6 || total
-------------------------+-------+-------++-------
Melee: Long sword        |   115 |   129 ||   244
       Headbutt          |    12 |    15 ||    27
  Use: Scroll            |       |     7 ||     7
       Potion            |       |     2 ||     2
Armor: Scale mail        |    44 |    27 ||    71
Dodge: Dodged            |    21 |    23 ||    44
Block: Kite shield       |    83 |    89 ||   172
       Rpst.: Long sword |     6 |     9 ||    15
